 Dungeon Crawl Stone Soup version 0.28-a0-861-ge64d6db94f (webtiles) character file.

Game seed: 2529761776848234054

63 Zenkrye the Sneak (level 4, -3/24 HPs)
             Began as a Kobold Enchanter on Nov 15, 2021.
             Killed from afar by Natasha (8 damage)
             ... with a magic dart
             ... on level 2 of the Dungeon.
             The game lasted 00:04:33 (2527 turns).

Zenkrye the Sneak (Kobold Enchanter)                Turns: 2527, Time: 00:04:33

Health: -3/24      AC:  2    Str:  6    XL:     4   Next: 31%
Magic:  2/7        EV: 15    Int: 16    God:
Gold:   72         SH:  0    Dex: 15    Spells: 4/7 levels left

rFire   . . .      SeeInvis .   d - +2 dagger (drain)
rCold   . . .      Faith    .   (shield restricted)
rNeg    . . .      Spirit   .   b - +0 robe
rPois   .          Reflect  .   (no helmet)
rElec   .          Harm     .   (no cloak)
rCorr   .          Rampage  .   (no gloves)
Will    .....                   (no boots)
Stlth   ++++......              (no amulet)
HPRegen 0.08/turn               (no ring)
MPRegen 0.10/turn               (no ring)

@: confusing by touch
A: small, no large weapons, nightstalker 3
a: no special abilities


You were on level 2 of the Dungeon.
You visited 1 branch of the dungeon, and saw 2 of its levels.

You collected 72 gold pieces.

Inventory:

Hand Weapons
 a - a +1 dagger
 d - a +2 dagger of draining (weapon)
Missiles
 g - 17 bolts
Armour
 b - a +0 robe (worn)
 l - a +5 ring mail
Potions
 c - a potion of invisibility
 e - a potion of mutation
 f - a potion of heal wounds {unknown}
 h - a potion of lignification {unknown}
 i - a potion of curing {unknown}


   Skills:
 + Level 4.0 Short Blades
 - Level 2.4 Dodging
 + Level 5.3 Stealth
 - Level 2.1 Spellcasting
 - Level 3.0 Hexes


You had 4 spell levels left.
You knew the following spells:

 Your Spells              Type           Power      Damage    Failure   Level
a - Confusing Touch       Hex            11%        N/A       19%         3

Your spell library contained the following spells:

 Spells                   Type           Power      Damage    Failure   Level
 Ensorcelled Hibernation  Hex/Ice        12%        N/A       17%         2
 Tukima's Dance           Hex            11%        N/A       19%         3
 Dazzling Flash           Conj/Hex       12%        N/A       32%         3


Dungeon Overview and Level Annotations

Branches:
Dungeon (2/15)

Altars:

Shops:
D:2 ?

Annotations:
D:2 Jessica, Natasha


Innate Abilities, Weirdness & Mutations

You are small and have problems with some larger weapons.
You are completely attuned to the shadows.


Message History

Jessica completely misses you.
You hit Natasha.
Natasha is moderately wounded.
Jessica hits you with a +0 club.
You hit Natasha but do no damage.
Natasha is moderately wounded.
Jessica gestures at you while chanting.
You barely resist. You hit Natasha.
Natasha is heavily wounded.
Jessica casts a spell.
Jessica blinks!
Natasha claws you but does no damage.
You hit Natasha but do no damage. You drain Natasha.
Natasha is severely wounded.
Natasha closely misses you. Jessica misses you.
You barely miss Natasha.
Natasha is severely wounded.
Jessica closely misses you.
You hit Jessica.
Jessica is lightly wounded.
Jessica misses you.
You hit Jessica. You drain Jessica.
Jessica is heavily wounded.
Natasha seems less confused.
Jessica completely misses you.
Unknown command.
Casting: Confusing Touch (extremely dangerous; 19% risk of failure)
Confirm with . or Enter, or press ? or * to list all spells.
The spell is extremely dangerous to cast (19% risk of failure)!
Continue anyway?
Your hands begin to glow red.
Jessica hits you with a +0 club.
* * * LOW HITPOINT WARNING * * *
Natasha casts a spell.
Jessica misses you.
You hit Jessica but do no damage.
Jessica is heavily wounded.
Jessica casts a spell.
Jessica blinks!
Natasha mewls in sadness.
Natasha stares at you and mumbles some strange words.
The magic dart hits you!
You die...

...#♣♣ .#.#.#♣♣
..#...#♣♣ .#.#.#.#♣♣
...#.#.#...#♣♣ .
.#.#.#.#.#.#h#♣♣ .@
...#...#...#.§@#♣#...
.#.#.#.#.#.#5#†#†.'...
...#.#.#.#.#.#.#..@'.##
..#.#.#.#.#.#.#.#..'.#
♣#...#...#...#...#♣####
♣#.#.#.#.#.#.#.#♣♣#..#
♣♣#...#.#.#... ###.#
♣♣#.#.#.#.#.# #)..#
♣♣#...#...#♣ ###.###


You could see Natasha (drained), a crimson imp (summoned) and Jessica (fast,
drained).

Vanquished Creatures
  A worm (D:2)
  5 ball pythons
  8 endoplasms
  A giant cockroach (D:1)
  4 goblins
  3 hobgoblins
  8 jackals
  6 kobolds
  3 quokkas
  A bat (D:1)
  3 frilled lizards (D:1)
  10 rats (D:1)
53 creatures vanquished.

Notes
Turn   | Place    | Note
-------+----------+-------------------------------------------
     0 | D:1      | Zenkrye the Kobold Enchanter began the quest for the Orb.
     0 | D:1      | Reached XP level 1. HP: 10/10 MP: 3/3
   104 | D:1      | Reached XP level 2. HP: 3/15 MP: 5/5
   985 | D:1      | Found a faded altar of an unknown god.
  1078 | D:1      | Reached XP level 3. HP: 18/18 MP: 6/6
  1082 | D:1      | Learned a level 3 spell: Confusing Touch
  1355 | D:1      | Reached skill level 5 in Stealth
  2086 | D:2      | Found Apano's Magic Scroll Boutique.
  2238 | D:2      | Reached XP level 4. HP: 19/24 MP: 7/7
  2498 | D:2      | Noticed Natasha
  2498 | D:2      | Noticed Jessica
  2527 | D:2      | Killed from afar by Natasha

Illustrated notes

Levels and vault maps discovered:
D:1:      dpeg_arrival_signposts, layout_basic,
          hellmonk_ecumenical_altar_dog_temple, minmay_misc_feat_four_crosses,
          minmay_rat_gold_closets
D:2:      cheibrodos_old_hovel, layout_basic, serial_shops,
          nicolae_shop_window_shopping, kennysheep_cluttered_room, uniq_jessica,
          uniq_natasha

Skill      XL: |  1  2  3  4 |
---------------+-------------+-----
Short Blades   | 2 3 4 |  4.0
Stealth        | 5 |  5.3
Dodging        | |  2.4
Spellcasting   | |  2.1
Hexes          | |  3.0

Action                   |  1- 3 |  4- 6 || total
-------------------------+-------+-------++-------
Melee: Dagger            |   103 |    39 ||   142
 Cast: Confusing Touch   |       |     2 ||     2
  Use: Scroll            |     3 |       ||     3
 Stab: Sleeping          |    20 |     3 ||    23
Armor: Robe              |     6 |     1 ||     7
Dodge: Dodged            |    58 |    21 ||    79

Table legend: (Time is in decaauts)
 A = Elapsed time spent in this place.
 B = Non-inter-level travel time spent in this place.
 C = Inter-level travel time spent in this place.
 D = Time resting spent in this place.
 E = Time spent auto-exploring this place.
 F = Levels seen in this place.
 G = Mean time per level.
                   A        B        C        D        E       F      G
               +--------+--------+--------+--------+--------+-----+--------+
         Total |   2504 |   2440 |     64 |    535 |   1582 |   2 | 1252.0 |
       Dungeon |   2504 |   2440 |     64 |    535 |   1582 |   2 | 1252.0 |
               +--------+--------+--------+--------+--------+-----+--------+

Top non-repeatable levels by time:
     D:1: 2073 daAuts
     D:2: 431 daAuts
